 Dungeon Crawl Stone Soup version 0.23.2-1-ga50397a6bc (webtiles) character file.

Game seed: 5637358811156529907

78 LabCoat the Covered (level 4, -2/40 HPs)
             Began as a Hill Orc Fighter on May 19, 2019.
             Killed from afar by a white imp (9 damage)
             ... with a puff of frost
             ... summoned by Natasha
             ... on level 2 of the Dungeon.
             The game lasted 00:04:37 (1038 turns).

LabCoat the Covered (Hill Orc Fighter)              Turns: 1038, Time: 00:04:37

Health: -2/40      AC:  9    Str: 18    XL:     4   Next: 36%
Magic:  4/4        EV:  5    Int: 13    God:
Gold:   98         SH: 10    Dex: 11    Spells: 3/3 levels left

rFire    . . .     SeeInvis .   a - +1 war axe
rCold    . . .     Gourm    .   c - +1 shield
rNeg     . . .     Faith    .   m - +0 chain mail
rPois    .         Spirit   .   (no helmet)
rElec    .         Reflect  .   (no cloak)
rCorr    .         Harm     .   (no gloves)
MR       .....                  (no boots)
Stlth    ..........             (no amulet)
HPRegen  0.13/turn              (no ring)
MPRegen  0.09/turn              (no ring)

@: brilliant, slowed, very slow
A: no striking features
a: no special abilities


You were on level 2 of the Dungeon.
You were not hungry.

You visited 1 branch of the dungeon, and saw 2 of its levels.

You collected 98 gold pieces.

Inventory:

Hand Weapons
 a - a +1 war axe (weapon)
 l - a +0 flail
Armour
 c - a +1 shield (worn)
 m - a +0 chain mail (worn)
Jewellery
 b - an uncursed ring of protection from magic {unknown}
 h - a cursed amulet of inaccuracy {unknown}
Scrolls
 e - a scroll of enchant weapon
 g - 2 scrolls of fear
Potions
 d - a potion of might
Comestibles
 f - 5 rations
 k - 5 chunks of flesh


   Skills:
 + Level 4.0 Fighting
 * Level 4.1 Axes
 + Level 4.2 Armour
 - Level 0.1 Dodging
 + Level 3.7 Shields


You had 3 spell levels left.
You didn't know any spells.
Your spell library was empty.

Dungeon Overview and Level Annotations

Branches:
Dungeon (2/15)

Altars:
The Shining One

Annotations:
D:2 Natasha


Message History

The orc wizard gestures at you while chanting.
The magic dart hits you!
It was a potion of brilliance.
You feel clever all of a sudden.
The orc wizard gestures wildly while chanting.
The orc wizard blinks!
You block the white imp's attack.
Eat one of 6 chunks of flesh? (ye/n/q)
You eat one of the 6 chunks of flesh.
This raw flesh tastes terrible.
You block the orc's attack.
The orc priest begins to cast a cantrip, but forgets the words!
The orc wizard mumbles some strange words.
The orc wizard blinks!
The white imp hits you.
* * * LOW HITPOINT WARNING * * *
The white imp freezes you.
* * * LOW HITPOINT WARNING * * *
The orc priest looks satisfied for a moment.
You block the orc's attack. The white imp gestures at you.
The puff of frost hits you!
You die...

#.#####.##.### #..#
#.<......>...####..#
#..................#
#.####..####.###...# #.#
#..# #.# #...# #.# #..#
#.# #(..# #.# #..####.#
#§o.# #.# #.......###o.)#
#.# #.#...§.@.5h5.# #.#
#.#.###.###{#.#
#.####.#.###o# #.#.#
#............###.#.#######
#.........................
#.######[##.#.............
#.# #.##...#######.####
#.# #.###### #.# #?# #.#
#.#


You could see an orc wizard, Natasha, a crimson imp, a white imp and an orc.

Vanquished Creatures
  Terence (D:2)
  3 adders (D:2)
  A dart slug (D:1)
  A ball python (D:1)
  2 giant cockroaches
  8 hobgoblins
  4 bats
  A frilled lizard (D:1)
  3 kobolds
  2 rats (D:1)
26 creatures vanquished.

Notes
Turn   | Place    | Note
-------+----------+-------------------------------------------
     0 | D:1      | LabCoat the Hill Orc Fighter began the quest for the Orb.
     0 | D:1      | Reached XP level 1. HP: 19/19 MP: 1/1
   183 | D:1      | Reached XP level 2. HP: 27/27 MP: 2/2
   597 | D:2      | Found a glowing golden altar of the Shining One.
   618 | D:2      | Reached XP level 3. HP: 24/33 MP: 3/3
   882 | D:2      | Noticed Terence
   894 | D:2      | Killed Terence
   894 | D:2      | Reached XP level 4. HP: 34/40 MP: 4/4
  1017 | D:2      | Noticed Natasha
  1038 | D:2      | Killed from afar by a white imp

Skill      XL: |  1  2  3 |
---------------+----------+-----
Axes           | 3 4 |  4.1
Fighting       | 4 |  4.0
Armour         | 4 |  4.2
Dodging        | |  0.1
Shields        | |  3.7

Action                   |  1- 3 |  4- 6 || total
-------------------------+-------+-------++-------
Melee: War axe           |    66 |    18 ||    84
  Use: Scroll            |     5 |       ||     5
       Potion            |       |     1 ||     1
  Eat: Chunk             |       |     1 ||     1
Armor: Scale mail        |    29 |       ||    29
       Chain mail        |       |    12 ||    12
Dodge: Dodged            |    15 |     4 ||    19
Block: Shield            |    38 |    15 ||    53
